Login

Rockford IceHogs vs Henderson Silver Knights

Created - 23 March 2024 at 00:13

Goals
1 2 3 OT1 T
Rockford IceHogs 0 1 0 1 2
Henderson Silver Knights 0 1 0 0 1
Shots
1 2 3 OT1 T
Rockford IceHogs 14 11 7 1 33
Henderson Silver Knights 7 12 6 6 31

GoalsPenalties
1st period
No Goal
Reese Johnson (RCK) for Holding Stick (Minor) at 18:09
2nd period
1. Rockford IceHogs , Lukas Reichel 5 (Cole Guttman 6, Reese Johnson 4) at 5:06
2. Henderson Silver Knights , Brendan Brisson 3 (Mason Morelli 3) at 15:10
No Penalty
3rd period
No Goal
David Gust (RCK) for High sticking (Minor) at 7:38
Overtime #1
3. Rockford IceHogs , Cole Guttman 5 (Isaak Phillips 2, Reese Johnson 5) at 3:08
No Penalty
Goalie Stats
Jaxson Stauber (RCK), 30 saves from 31 shots - (0.968), W, 3-0-0, 63:08 minutes
Jiri Patera (HEN), 31 saves from 33 shots - (0.939), OTL, 5-0-2, 63:08 minutes
3 StarsOfficial
1 - Cole Guttman (RCK)
2 - Jaxson Stauber (RCK)
3 - Lukas Reichel (RCK)
Referees : Kelly Sutherland and Justin St. Pierre
Linesman : Scott Cherrey and David Brisebois
Game Note
No Game Note
Finance
Level 1 -- Attendance: 1752 (87.60%) -- Ticket Income $61,320
Level 2 -- Attendance: 986 (98.60%) -- Ticket Income $14,790
Total Attendance: 2738 (91.27%)
Total Ticket Income: $76,110
Other Income: $37,294
Total Income: $113,404



Team Name Goals Shots Shots Attemp Shots Blocked PIM HIT PP PK FO%
Rockford IceHogs 2335574320 / 0 (0.00%053%
Henderson Silver Knights 1315240220 / 2 (0%)048%

Rockford IceHogs
Player Name POS G A P +/- PIM HIT SHT SB MP PP MP PP SHT PK MP PK SHT FO% FOT GA TA
Cole CasselsRW0000021012:140:0000:0000% 000
Cole GuttmanC1122034117:430:0000:25040% 512
Colin BlackwellC000-1021014:390:0002:23044% 902
David GustRW0000217017:240:0000:0000% 150
Filip RoosD000-1002025:340:0002:1600% 000
Isaak PhillipsD0110020224:250:0000:0000% 040
Jakub GalvasD0001000116:200:0000:0000% 000
Jesper FrodenRW000-1024015:050:0002:27067% 300
John Parker-JonesD0001020017:580:0001:4200% 010
Kieffer BellowsLW000-1012110:560:0000:0000% 020
Lukas ReichelLW1011022016:010:0000:0000% 010
Luke PhilpC0000012013:240:0000:53050% 200
MacKenzie EntwistleRW0001021216:450:0000:0000% 001
Maxence GuenetteD0000030019:490:0002:1600% 000
Mike HardmanLW0000020016:280:0000:2600% 100
Rasmus AsplundLW0000033014:250:0001:220100% 100
Reese JohnsonC0221232017:300:0000:00061% 1801
Wyatt KaiserD0000012018:440:0001:4200% 002
Henderson Silver Knights
Player Name POS G A P +/- PIM HIT SHT SB MP PP MP PP SHT PK MP PK SHT FO% FOT GA TA
Brendan BrissonRW1011023016:220:2500:0000% 020
Byron FroeseC000-1015024:331:4300:00045% 2205
Daniil ChaykaD000-1003016:040:0000:0000% 000
Daniil MiromanovD0000010025:142:1700:0000% 001
Dysin MayoD0000004020:331:4100:0000% 012
Gage QuinneyLW000-1043018:371:5610:0000% 102
Gordie GreenRW000000000:410:0000:0000% 000
Grigori DenisenkoLW0000022120:461:4400:0000% 130
Ivan MorozovC000-1010017:421:5600:00056% 900
Jonas RondbjergRW000-1011020:001:4400:0000% 102
Kaedan KorczakD0000013022:371:4100:0000% 000
Layton AhacD0000000124:392:1700:0000% 000
Lukas CormierD0000012114:400:0000:0000% 000
Mason GeertsenRW000004008:550:0000:0000% 000
Mason MorelliLW0111021017:080:3000:000100% 102
Mason PrimeauC0001000014:250:0000:00050% 400
Patrick GuayC000001018:370:0000:0000% 000
Sheldon RempalRW000-1014017:511:5600:000100% 120

Rockford IceHogs

5 vs 5 Forward
Line #Left WingCenterRight WingPHYDFOFWanted %Time %Time Play
1Lukas ReichelCole GuttmanMacKenzie Entwistle1223030%16:51
2Mike HardmanReese JohnsonDavid Gust1223029%16:02
3Kieffer BellowsColin BlackwellJesper Froden1222020%10:56
4Rasmus AsplundLuke PhilpCole Cassels1222022%12:13
5 vs 5 Defense
Line #DefenseDefensePHYDFOFWanted %Time %Time Play
1Isaak PhillipsFilip Roos1224041%22:50
2Maxence GuenetteWyatt Kaiser1223034%18:48
3Jakub GalvasJohn Parker-Jones1223026%14:24
4Isaak PhillipsFilip Roos12200%0:00
Power Play Forward
Line #Left WingCenterRight WingPHYDFOFWanted %Time %Time Play
1Mike HardmanReese JohnsonMacKenzie Entwistle122600%0:00
2Kieffer BellowsCole GuttmanDavid Gust122400%0:00
Power Play Defense
Line #DefenseDefensePHYDFOFWanted %Time %Time Play
1Isaak PhillipsFilip Roos122600%0:00
2Maxence GuenetteWyatt Kaiser122400%0:00
Penalty Kill 4 Players Forward
Line #CenterWingPHYDFOFWanted %Time %Time Play
1Colin BlackwellJesper Froden1226089%3:32
2Rasmus AsplundMike Hardman1224011%0:26
Penalty Kill 4 Players Defense
Line #DefenseDefensePHYDFOFWanted %Time %Time Play
1Maxence GuenetteFilip Roos1226057%2:16
2John Parker-JonesWyatt Kaiser1224043%1:42
Penalty Kill 3 Players
Line #WingPHYDFOFWanted %Time %Time PlayDefenseDefensePHYDFOFWanted %Time %Time Play
1Reese Johnson122600%0:00 Maxence GuenetteFilip Roos122600%0:00
2Cole Guttman122400%0:00 John Parker-JonesWyatt Kaiser122400%0:00
4 vs 4 Forward
Line #CenterWingPHYDFOFWanted %Time %Time Play
1Reese JohnsonCole Guttman122600%0:00
2MacKenzie EntwistleColin Blackwell122400%0:00
4 vs 4 Defense
Line #DefensePHYDFOFWanted %Time %Time Play
1Isaak PhillipsFilip Roos122600%0:00
2Maxence GuenetteWyatt Kaiser122400%0:00
Last Minutes Offensive
Left WingCenterRight WingDefenseDefense
Mike HardmanReese JohnsonMacKenzie EntwistleIsaak PhillipsFilip Roos
Last Minutes Defensive
Left WingCenterRight WingDefenseDefense
Mike HardmanReese JohnsonMacKenzie EntwistleIsaak PhillipsFilip Roos
Time
Total ForwardTotal DefenseLast Minutes OffensiveLast Minutes Defensive
60:00 60:00 0:000:00
Extra Forwards
Normal PowerPlayPenalty Kill
Rasmus Asplund, Jesper Froden, Luke PhilpRasmus Asplund, Jesper FrodenLuke Philp
Extra Defensemen
Normal PowerPlayPenalty Kill
Jakub Galvas, John Parker-Jones, Maxence GuenetteJakub Galvas, John Parker-JonesMaxence Guenette
Penalty Shots
Reese Johnson, Cole Guttman, MacKenzie Entwistle, Colin Blackwell, David Gust
Goalie
Jaxson Stauber, Arvid Soderblom
Custom OT Lines Forwards
Reese Johnson, Cole Guttman, MacKenzie Entwistle, Colin Blackwell, David Gust, Jesper Froden, Luke Philp, Mike Hardman, Kieffer Bellows, Cole Cassels
Custom OT Lines Defensemen
Isaak Phillips, Filip Roos, Maxence Guenette, Wyatt Kaiser, Jakub Galvas
Scratches
Henry Bowlby (Healthy), Philippe Daoust (Healthy), Carson Golder (Healthy), Chad Nychuk (Healthy), Andrew Perrott (Healthy) Luka Profaca (Healthy), Jake Ryczek (Healthy), Brett Seney (Left Leg Injury), Michal Teply (Healthy), Carsen Twarynski (Healthy) Nolan Maier (Healthy), Mitchell Weeks (Healthy)

Henderson Silver Knights

5 vs 5 Forward
Line #Left WingCenterRight WingPHYDFOFWanted %Time %Time Play
1Grigori DenisenkoByron FroeseJonas Rondbjerg1223531%17:34
2Gage QuinneyIvan MorozovSheldon Rempal1223032%18:01
3Mason MorelliMason PrimeauBrendan Brisson1222226%14:20
4Byron FroesePatrick GuayMason Geertsen1221311%6:07
5 vs 5 Defense
Line #DefenseDefensePHYDFOFWanted %Time %Time Play
1Layton AhacDaniil Miromanov1223530%16:56
2Dysin MayoKaedan Korczak1223238%21:27
3Lukas CormierDaniil Chayka1222323%13:09
4Layton AhacDaniil Miromanov122108%4:30
Power Play Forward
Line #Left WingCenterRight WingPHYDFOFWanted %Time %Time Play
1Grigori DenisenkoByron FroeseJonas Rondbjerg1226051%2:02
2Gage QuinneyIvan MorozovSheldon Rempal1224049%1:56
Power Play Defense
Line #DefenseDefensePHYDFOFWanted %Time %Time Play
1Layton AhacDaniil Miromanov1226058%2:17
2Kaedan KorczakDysin Mayo1224042%1:41
Penalty Kill 4 Players Forward
Line #CenterWingPHYDFOFWanted %Time %Time Play
1Byron FroeseJonas Rondbjerg122600%0:00
2Grigori DenisenkoSheldon Rempal122400%0:00
Penalty Kill 4 Players Defense
Line #DefenseDefensePHYDFOFWanted %Time %Time Play
1Lukas CormierDaniil Miromanov122600%0:00
2Kaedan KorczakDysin Mayo122400%0:00
Penalty Kill 3 Players
Line #WingPHYDFOFWanted %Time %Time PlayDefenseDefensePHYDFOFWanted %Time %Time Play
1Byron Froese122600%0:00 Daniil ChaykaDaniil Miromanov122600%0:00
2Jonas Rondbjerg122400%0:00 Kaedan KorczakDysin Mayo122400%0:00
4 vs 4 Forward
Line #CenterWingPHYDFOFWanted %Time %Time Play
1Byron FroeseJonas Rondbjerg122600%0:00
2Grigori DenisenkoSheldon Rempal122400%0:00
4 vs 4 Defense
Line #DefensePHYDFOFWanted %Time %Time Play
1Layton AhacDaniil Miromanov122600%0:00
2Kaedan KorczakDysin Mayo122400%0:00
Last Minutes Offensive
Left WingCenterRight WingDefenseDefense
Grigori DenisenkoByron FroeseJonas RondbjergKaedan KorczakDaniil Miromanov
Last Minutes Defensive
Left WingCenterRight WingDefenseDefense
Grigori DenisenkoByron FroeseJonas RondbjergKaedan KorczakDaniil Miromanov
Time
Total ForwardTotal DefenseLast Minutes OffensiveLast Minutes Defensive
60:00 60:00 0:000:00
Extra Forwards
Normal PowerPlayPenalty Kill
Mason Morelli, Brendan Brisson, Mason GeertsenMason Morelli, Brendan BrissonMason Geertsen
Extra Defensemen
Normal PowerPlayPenalty Kill
Lukas Cormier, Daniil Chayka, Layton AhacLukas Cormier, Daniil ChaykaLayton Ahac
Penalty Shots
Byron Froese, Jonas Rondbjerg, Grigori Denisenko, Sheldon Rempal, Gage Quinney
Goalie
Jiri Patera, Isaiah Saville
Custom OT Lines Forwards
Byron Froese, Jonas Rondbjerg, Grigori Denisenko, Sheldon Rempal, Gage Quinney, Mason Morelli, Brendan Brisson, Mason Geertsen, Ivan Morozov, Mason Primeau
Custom OT Lines Defensemen
Daniil Chayka, Daniil Miromanov, Kaedan Korczak, Dysin Mayo, Lukas Cormier
Scratches
Ben Hutton (Strained Right Knee Injury), Jesper Vikman (Healthy)


Play-by-Play

1st period


0:01 of 1st period - Byron Froese wins face-off versus Cole Guttman in neutral zone.
1:13 of 1st period - Dysin Mayo is hit by Rasmus Asplund and loses puck.
2:22 of 1st period - Snap shot by Jesper Froden.
2:22 of 1st period - Shot Misses the Net.
2:53 of 1st period - Wrist shot by David Gust.
2:53 of 1st period - Stopped by Jiri Patera with a rebound.
2:55 of 1st period - Wrist shot by David Gust.
2:55 of 1st period - Shot Misses the Net.
2:57 of 1st period - Slapshot by David Gust.
2:57 of 1st period - Stopped by Jiri Patera with a rebound.
2:59 of 1st period - Snap shot by Mike Hardman.
2:59 of 1st period - Shot Misses the Net.
3:11 of 1st period - Sheldon Rempal is hit by Lukas Reichel and loses puck.
4:00 of 1st period - Backhand shot by Isaak Phillips.
4:00 of 1st period - Shot Misses the Net.
4:45 of 1st period - Wrist shot by Kieffer Bellows.
4:45 of 1st period - Deflect By Jesper Froden.
4:45 of 1st period - Shot Misses the Net.
4:45 of 1st period - Puck is out of play.
4:46 of 1st period - Ivan Morozov wins face-off versus Reese Johnson in Henderson Silver Knights zone.
5:45 of 1st period - Snap shot by Rasmus Asplund.
5:45 of 1st period - Stopped by Jiri Patera with a rebound.
5:55 of 1st period - Colin Blackwell is hit by Gage Quinney and loses puck.
6:10 of 1st period - Kaedan Korczak is hit by Reese Johnson and loses puck.
6:21 of 1st period - Snap shot by David Gust.
6:21 of 1st period - Stopped by Jiri Patera without a rebound.
6:22 of 1st period - Sheldon Rempal wins face-off versus Cole Guttman in Henderson Silver Knights zone.
7:04 of 1st period - Rasmus Asplund is hit by Mason Morelli and loses puck.
7:26 of 1st period - Wrist shot by Jesper Froden.
7:26 of 1st period - Stopped by Jiri Patera with a rebound.
7:28 of 1st period - Slapshot by Jesper Froden.
7:28 of 1st period - Stopped by Jiri Patera with a rebound.
7:30 of 1st period - Slapshot by Wyatt Kaiser.
7:30 of 1st period - Shot Blocked by Lukas Cormier.
7:32 of 1st period - Slapshot by Maxence Guenette.
7:32 of 1st period - Shot Misses the Net.
7:34 of 1st period - Slapshot by Colin Blackwell.
7:34 of 1st period - Shot Misses the Net.
7:36 of 1st period - Snap shot by Kieffer Bellows.
7:36 of 1st period - Stopped by Jiri Patera with a rebound.
7:45 of 1st period - Off-side.
7:46 of 1st period - Cole Guttman wins face-off versus Byron Froese in neutral zone.
7:54 of 1st period - Icing by Jonas Rondbjerg.
7:55 of 1st period - Reese Johnson wins face-off versus Byron Froese in Henderson Silver Knights zone.
8:23 of 1st period - Snap shot by Lukas Reichel.
8:23 of 1st period - Shot Misses the Net.
8:25 of 1st period - Wrist shot by MacKenzie Entwistle.
8:25 of 1st period - Shot Misses the Net.
8:27 of 1st period - Slapshot by Filip Roos.
8:27 of 1st period - Deflect By Jonas Rondbjerg.
8:27 of 1st period - Stopped by Jiri Patera with a rebound.
9:00 of 1st period - Icing by Gage Quinney.
9:01 of 1st period - Ivan Morozov wins face-off versus Colin Blackwell in Henderson Silver Knights zone.
9:46 of 1st period - Cole Guttman is hit by Mason Geertsen.
10:35 of 1st period - Backhand shot by Cole Guttman.
10:35 of 1st period - Stopped by Jiri Patera with a rebound.
10:37 of 1st period - Wrist shot by Wyatt Kaiser.
10:37 of 1st period - Stopped by Jiri Patera without a rebound.
10:38 of 1st period - Reese Johnson wins face-off versus Ivan Morozov in Henderson Silver Knights zone.
11:24 of 1st period - Snap shot by Byron Froese.
11:24 of 1st period - Stopped by Jaxson Stauber without a rebound.
11:25 of 1st period - Colin Blackwell wins face-off versus Byron Froese in Rockford IceHogs zone.
12:37 of 1st period - Grigori Denisenko is hit by Cole Guttman and loses puck.
12:58 of 1st period - Snap shot by Colin Blackwell.
12:58 of 1st period - Stopped by Jiri Patera with a rebound.
13:00 of 1st period - Wrist shot by Kieffer Bellows.
13:00 of 1st period - Stopped by Jiri Patera with a rebound.
13:47 of 1st period - Gage Quinney is hit by Cole Guttman.
14:05 of 1st period - Snap shot by Rasmus Asplund.
14:05 of 1st period - Stopped by Jiri Patera with a rebound.
14:19 of 1st period - Wrist shot by Grigori Denisenko.
14:19 of 1st period - Stopped by Jaxson Stauber without a rebound.
14:20 of 1st period - Byron Froese wins face-off versus Colin Blackwell in Rockford IceHogs zone.
14:26 of 1st period - Slapshot by Grigori Denisenko.
14:26 of 1st period - Shot Misses the Net.
15:02 of 1st period - Wrist shot by Lukas Reichel.
15:02 of 1st period - Stopped by Jiri Patera without a rebound.
15:03 of 1st period - Mason Morelli wins face-off versus Cole Guttman in Henderson Silver Knights zone.
15:12 of 1st period - Slapshot by Dysin Mayo.
15:12 of 1st period - Stopped by Jaxson Stauber with a rebound.
15:24 of 1st period - Jonas Rondbjerg is hit by Lukas Reichel and loses puck.
16:29 of 1st period - Byron Froese is hit by Colin Blackwell and loses puck.
16:52 of 1st period - Jonas Rondbjerg is hit by Reese Johnson and loses puck.
17:07 of 1st period - Snap shot by Gage Quinney.
17:07 of 1st period - Shot Blocked by MacKenzie Entwistle.
17:09 of 1st period - Slapshot by Dysin Mayo.
17:09 of 1st period - Stopped by Jaxson Stauber with a rebound.
17:11 of 1st period - Wrist shot by Sheldon Rempal.
17:11 of 1st period - Shot Blocked by Jakub Galvas.
17:13 of 1st period - Slapshot by Gage Quinney.
17:13 of 1st period - Stopped by Jaxson Stauber with a rebound.
17:15 of 1st period - Slapshot by Kaedan Korczak.
17:15 of 1st period - Stopped by Jaxson Stauber with a rebound.
17:17 of 1st period - Wrist shot by Kaedan Korczak.
17:17 of 1st period - Stopped by Jaxson Stauber with a rebound.
17:31 of 1st period - Dysin Mayo is hit by Luke Philp and loses puck.
17:38 of 1st period - Rasmus Asplund is hit by Kaedan Korczak and loses puck.
18:09 of 1st period - Minor Penalty to Reese Johnson for Holding Stick.
18:10 of 1st period - Colin Blackwell wins face-off versus Byron Froese in Rockford IceHogs zone.
18:30 of 1st period - Icing by Byron Froese.
18:31 of 1st period - Jesper Froden wins face-off versus Jonas Rondbjerg in Henderson Silver Knights zone.
19:07 of 1st period - Wrist shot by Gage Quinney.
19:07 of 1st period - Shot Misses the Net.
19:30 of 1st period - Ivan Morozov is hit by Wyatt Kaiser and loses puck.
Goals for this period are 0 for Rockford IceHogs vs 0 for Henderson Silver Knights.
Shots for this period are 14 for Rockford IceHogs vs 7 for Henderson Silver Knights.

2nd period


0:01 of 2nd period - Colin Blackwell wins face-off versus Grigori Denisenko in neutral zone.
0:09 of 2nd period - Penalty to Reese Johnson is over, Reese Johnson is back on ice.
1:32 of 2nd period - Backhand shot by Grigori Denisenko.
1:32 of 2nd period - Shot Misses the Net.
1:44 of 2nd period - Snap shot by Sheldon Rempal.
1:44 of 2nd period - Stopped by Jaxson Stauber without a rebound.
1:45 of 2nd period - Ivan Morozov wins face-off versus Luke Philp in Rockford IceHogs zone.
2:57 of 2nd period - Snap shot by Lukas Reichel.
2:57 of 2nd period - Shot Misses the Net.
2:59 of 2nd period - Snap shot by Cole Guttman.
2:59 of 2nd period - Stopped by Jiri Patera without a rebound.
3:00 of 2nd period - Byron Froese wins face-off versus Mike Hardman in Henderson Silver Knights zone.
3:36 of 2nd period - Slapshot by Jonas Rondbjerg.
3:36 of 2nd period - Stopped by Jaxson Stauber with a rebound.
3:55 of 2nd period - Slapshot by Kaedan Korczak.
3:55 of 2nd period - Shot Blocked by Cole Guttman.
3:57 of 2nd period - Wrist shot by Gage Quinney.
3:57 of 2nd period - Shot Misses the Net.
3:59 of 2nd period - Backhand shot by Sheldon Rempal.
3:59 of 2nd period - Stopped by Jaxson Stauber without a rebound.
4:00 of 2nd period - Mason Primeau wins face-off versus Reese Johnson in Rockford IceHogs zone.
4:01 of 2nd period - Snap shot by Brendan Brisson.
4:01 of 2nd period - Stopped by Jaxson Stauber with a rebound.
4:25 of 2nd period - Maxence Guenette is hit by Gage Quinney and loses puck.
4:34 of 2nd period - Snap shot by Cole Guttman.
4:34 of 2nd period - Stopped by Jiri Patera without a rebound.
4:35 of 2nd period - Byron Froese wins face-off versus Reese Johnson in Henderson Silver Knights zone.
4:42 of 2nd period - Snap shot by Reese Johnson.
4:42 of 2nd period - Shot Blocked by Grigori Denisenko.
5:04 of 2nd period - Wrist shot by Cole Guttman.
5:04 of 2nd period - Shot Misses the Net.
5:06 of 2nd period - Snap shot by Lukas Reichel.
5:06 of 2nd period - Goal by Lukas Reichel - Rockford IceHogs : 1 - Henderson Silver Knights : 0.
5:07 of 2nd period - Reese Johnson wins face-off versus Byron Froese in neutral zone.
5:34 of 2nd period - Jesper Froden is hit by Ivan Morozov and loses puck.
5:56 of 2nd period - Off-side.
5:57 of 2nd period - Cole Guttman wins face-off versus Mason Primeau in neutral zone.
6:06 of 2nd period - Snap shot by MacKenzie Entwistle.
6:06 of 2nd period - Shot Misses the Net.
6:24 of 2nd period - Brendan Brisson is hit by MacKenzie Entwistle.
6:41 of 2nd period - Off-side.
6:42 of 2nd period - Byron Froese wins face-off versus Reese Johnson in neutral zone.
6:47 of 2nd period - Slapshot by Grigori Denisenko.
6:47 of 2nd period - Deflect By Jonas Rondbjerg.
6:47 of 2nd period - Shot Misses the Net.
6:47 of 2nd period - Puck is out of play.
6:48 of 2nd period - Reese Johnson wins face-off versus Byron Froese in Rockford IceHogs zone.
7:02 of 2nd period - Snap shot by Grigori Denisenko.
7:02 of 2nd period - Stopped by Jaxson Stauber without a rebound.
7:03 of 2nd period - Luke Philp wins face-off versus Ivan Morozov in Rockford IceHogs zone.
7:10 of 2nd period - Cole Cassels is hit by Gage Quinney and loses puck.
7:35 of 2nd period - Snap shot by Jesper Froden.
7:35 of 2nd period - Stopped by Jiri Patera without a rebound.
7:36 of 2nd period - Byron Froese wins face-off versus Colin Blackwell in Henderson Silver Knights zone.
7:36 of 2nd period - Byron Froese is hit by Maxence Guenette.
7:44 of 2nd period - Wrist shot by Grigori Denisenko.
7:44 of 2nd period - Shot Blocked by Kieffer Bellows.
7:51 of 2nd period - Snap shot by Byron Froese.
7:51 of 2nd period - Stopped by Jaxson Stauber with a rebound.
8:01 of 2nd period - Dysin Mayo is hit by David Gust and loses puck.
8:10 of 2nd period - Snap shot by Reese Johnson.
8:10 of 2nd period - Stopped by Jiri Patera with a rebound.
8:12 of 2nd period - Wrist shot by David Gust.
8:12 of 2nd period - Stopped by Jiri Patera with a rebound.
8:14 of 2nd period - Snap shot by David Gust.
8:14 of 2nd period - Stopped by Jiri Patera with a rebound.
8:26 of 2nd period - Lukas Reichel is hit by Mason Geertsen and loses puck.
8:59 of 2nd period - Daniil Miromanov is hit by Rasmus Asplund and loses puck.
9:16 of 2nd period - Wrist shot by Jesper Froden.
9:16 of 2nd period - Stopped by Jiri Patera with a rebound.
9:28 of 2nd period - Snap shot by Brendan Brisson.
9:28 of 2nd period - Stopped by Jaxson Stauber with a rebound.
10:11 of 2nd period - Gage Quinney is hit by Cole Cassels and loses puck.
10:41 of 2nd period - Brendan Brisson is hit by Reese Johnson and loses puck.
10:48 of 2nd period - Snap shot by Reese Johnson.
10:48 of 2nd period - Stopped by Jiri Patera with a rebound.
11:02 of 2nd period - Grigori Denisenko is hit by Cole Guttman.
11:10 of 2nd period - Slapshot by Grigori Denisenko.
11:10 of 2nd period - Shot Misses the Net.
11:22 of 2nd period - Maxence Guenette is hit by Lukas Cormier and loses puck.
11:45 of 2nd period - Luke Philp is hit by Byron Froese and loses puck.
11:56 of 2nd period - Daniil Miromanov is hit by Isaak Phillips and loses puck.
12:39 of 2nd period - Reese Johnson is hit by Grigori Denisenko and loses puck.
13:05 of 2nd period - Dysin Mayo is hit by Rasmus Asplund and loses puck.
13:42 of 2nd period - Grigori Denisenko is hit by John Parker-Jones and loses puck.
14:27 of 2nd period - Slapshot by MacKenzie Entwistle.
14:27 of 2nd period - Stopped by Jiri Patera with a rebound.
14:35 of 2nd period - Wrist shot by Jonas Rondbjerg.
14:35 of 2nd period - Shot Blocked by MacKenzie Entwistle.
14:37 of 2nd period - Snap shot by Byron Froese.
14:37 of 2nd period - Deflect By Jonas Rondbjerg.
14:37 of 2nd period - Shot Misses the Net.
14:37 of 2nd period - Puck is out of play.
14:38 of 2nd period - Reese Johnson wins face-off versus Gage Quinney in Rockford IceHogs zone.
14:38 of 2nd period - Reese Johnson is hit by Daniil Miromanov.
14:54 of 2nd period - Snap shot by Sheldon Rempal.
14:54 of 2nd period - Stopped by Jaxson Stauber without a rebound.
14:55 of 2nd period - Mason Primeau wins face-off versus Colin Blackwell in Rockford IceHogs zone.
15:02 of 2nd period - Slapshot by Brendan Brisson.
15:02 of 2nd period - Shot Blocked by Isaak Phillips.
15:10 of 2nd period - Snap shot by Brendan Brisson.
15:10 of 2nd period - Goal by Brendan Brisson - Rockford IceHogs : 1 - Henderson Silver Knights : 1.
15:11 of 2nd period - Ivan Morozov wins face-off versus Reese Johnson in neutral zone.
15:37 of 2nd period - Mason Primeau is hit by Cole Cassels and loses puck.
16:06 of 2nd period - Gage Quinney is hit by Jesper Froden and loses puck.
18:35 of 2nd period - Slapshot by Wyatt Kaiser.
18:35 of 2nd period - Stopped by Jiri Patera with a rebound.
18:43 of 2nd period - Wrist shot by Luke Philp.
18:43 of 2nd period - Shot Misses the Net.
18:53 of 2nd period - Kaedan Korczak is hit by Colin Blackwell and loses puck.
19:06 of 2nd period - Wrist shot by Kaedan Korczak.
19:06 of 2nd period - Stopped by Jaxson Stauber with a rebound.
19:08 of 2nd period - Slapshot by Lukas Cormier.
19:08 of 2nd period - Stopped by Jaxson Stauber with a rebound.
19:10 of 2nd period - Wrist shot by Gage Quinney.
19:10 of 2nd period - Stopped by Jaxson Stauber without a rebound.
19:11 of 2nd period - Byron Froese wins face-off versus David Gust in Rockford IceHogs zone.
19:50 of 2nd period - Rasmus Asplund is hit by Grigori Denisenko and loses puck.
Goals for this period are 1 for Rockford IceHogs vs 1 for Henderson Silver Knights.
Shots for this period are 11 for Rockford IceHogs vs 12 for Henderson Silver Knights.

3rd period


0:01 of 3rd period - Reese Johnson wins face-off versus Byron Froese in neutral zone.
0:26 of 3rd period - Isaak Phillips is hit by Sheldon Rempal and loses puck.
0:35 of 3rd period - Wrist shot by Lukas Reichel.
0:35 of 3rd period - Shot Misses the Net.
0:37 of 3rd period - Slapshot by Filip Roos.
0:37 of 3rd period - Deflect By Sheldon Rempal.
0:37 of 3rd period - Stopped by Jiri Patera without a rebound.
0:38 of 3rd period - Reese Johnson wins face-off versus Byron Froese in Henderson Silver Knights zone.
2:09 of 3rd period - Gage Quinney is hit by Mike Hardman and loses puck.
2:22 of 3rd period - Wrist shot by Byron Froese.
2:22 of 3rd period - Shot Misses the Net.
2:24 of 3rd period - Snap shot by Dysin Mayo.
2:24 of 3rd period - Shot Misses the Net.
2:26 of 3rd period - Snap shot by Grigori Denisenko.
2:26 of 3rd period - Shot Misses the Net.
2:28 of 3rd period - Slapshot by Dysin Mayo.
2:28 of 3rd period - Deflect By Colin Blackwell.
2:28 of 3rd period - Stopped by Jaxson Stauber with a rebound.
3:01 of 3rd period - Off-side.
3:02 of 3rd period - Reese Johnson wins face-off versus Ivan Morozov in neutral zone.
3:14 of 3rd period - Slapshot by David Gust.
3:14 of 3rd period - Stopped by Jiri Patera with a rebound.
3:16 of 3rd period - Wrist shot by Mike Hardman.
3:16 of 3rd period - Shot Hit the Post.
3:18 of 3rd period - Snap shot by David Gust.
3:18 of 3rd period - Stopped by Jiri Patera with a rebound.
3:28 of 3rd period - Lukas Reichel is hit by Mason Morelli and loses puck.
4:22 of 3rd period - Grigori Denisenko is hit by Mike Hardman and loses puck.
4:45 of 3rd period - Slapshot by Mason Morelli.
4:45 of 3rd period - Stopped by Jaxson Stauber without a rebound.
4:46 of 3rd period - Rasmus Asplund wins face-off versus Mason Primeau in Rockford IceHogs zone.
5:34 of 3rd period - Snap shot by Luke Philp.
5:34 of 3rd period - Stopped by Jiri Patera with a rebound.
5:42 of 3rd period - Wrist shot by Rasmus Asplund.
5:42 of 3rd period - Shot Blocked by Layton Ahac.
5:59 of 3rd period - Wrist shot by Rasmus Asplund.
5:59 of 3rd period - Deflect By Luke Philp.
5:59 of 3rd period - Stopped by Jiri Patera with a rebound.
6:01 of 3rd period - Slapshot by Cole Cassels.
6:01 of 3rd period - Shot Misses the Net.
6:03 of 3rd period - Snap shot by Rasmus Asplund.
6:03 of 3rd period - Stopped by Jiri Patera with a rebound.
6:05 of 3rd period - Backhand shot by Cole Cassels.
6:05 of 3rd period - Stopped by Jiri Patera without a rebound.
6:06 of 3rd period - Byron Froese wins face-off versus Reese Johnson in Henderson Silver Knights zone.
6:15 of 3rd period - Slapshot by Dysin Mayo.
6:15 of 3rd period - Deflect By David Gust.
6:15 of 3rd period - Stopped by Jaxson Stauber without a rebound.
6:16 of 3rd period - Reese Johnson wins face-off versus Byron Froese in Rockford IceHogs zone.
7:33 of 3rd period - Slapshot by Byron Froese.
7:33 of 3rd period - Stopped by Jaxson Stauber with a rebound.
7:38 of 3rd period - Minor Penalty to David Gust for High sticking.
7:39 of 3rd period - Colin Blackwell wins face-off versus Ivan Morozov in Rockford IceHogs zone.
7:49 of 3rd period - Snap shot by Gage Quinney.
7:49 of 3rd period - Stopped by Jaxson Stauber without a rebound.
7:50 of 3rd period - Ivan Morozov wins face-off versus Colin Blackwell in Rockford IceHogs zone.
9:38 of 3rd period - Penalty to David Gust is over, David Gust is back on ice.
10:05 of 3rd period - Wrist shot by Cole Guttman.
10:05 of 3rd period - Shot Blocked by Patrick Guay.
11:21 of 3rd period - Lukas Cormier is hit by Kieffer Bellows and loses puck.
11:34 of 3rd period - Grigori Denisenko is hit by MacKenzie Entwistle and loses puck.
13:35 of 3rd period - Colin Blackwell is hit by Mason Geertsen and loses puck.
14:25 of 3rd period - Kaedan Korczak is hit by John Parker-Jones and loses puck.
15:50 of 3rd period - Isaak Phillips is hit by Brendan Brisson and loses puck.
16:09 of 3rd period - Snap shot by Lukas Cormier.
16:09 of 3rd period - Stopped by Jaxson Stauber with a rebound.
16:25 of 3rd period - Daniil Miromanov is hit by Maxence Guenette.
17:23 of 3rd period - Kieffer Bellows is hit by Jonas Rondbjerg and loses puck.
17:42 of 3rd period - Lukas Reichel is hit by Mason Geertsen and loses puck.
17:53 of 3rd period - Grigori Denisenko is hit by Maxence Guenette and loses puck.
18:39 of 3rd period - Cole Guttman is hit by Patrick Guay and loses puck.
18:50 of 3rd period - Mason Geertsen is hit by Jesper Froden and loses puck.
19:25 of 3rd period - Filip Roos is hit by Brendan Brisson and loses puck.
Goals for this period are 0 for Rockford IceHogs vs 0 for Henderson Silver Knights.
Shots for this period are 7 for Rockford IceHogs vs 6 for Henderson Silver Knights.

Overtime #1


0:01 of 1st overtime period - Byron Froese wins face-off versus Reese Johnson in neutral zone.
0:06 of 1st overtime period - Slapshot by Grigori Denisenko.
0:06 of 1st overtime period - Shot Misses the Net.
0:08 of 1st overtime period - Backhand shot by Daniil Chayka.
0:08 of 1st overtime period - Stopped by Jaxson Stauber with a rebound.
0:10 of 1st overtime period - Slapshot by Byron Froese.
0:10 of 1st overtime period - Shot Blocked by Isaak Phillips.
0:12 of 1st overtime period - Snap shot by Byron Froese.
0:12 of 1st overtime period - Stopped by Jaxson Stauber with a rebound.
0:14 of 1st overtime period - Slapshot by Daniil Chayka.
0:14 of 1st overtime period - Stopped by Jaxson Stauber without a rebound.
0:15 of 1st overtime period - Reese Johnson wins face-off versus Byron Froese in Rockford IceHogs zone.
0:24 of 1st overtime period - Wrist shot by Reese Johnson.
0:24 of 1st overtime period - Shot Misses the Net.
0:42 of 1st overtime period - Grigori Denisenko is hit by Isaak Phillips and loses puck.
1:44 of 1st overtime period - Snap shot by Sheldon Rempal.
1:44 of 1st overtime period - Stopped by Jaxson Stauber with a rebound.
2:14 of 1st overtime period - Colin Blackwell is hit by Gage Quinney and loses puck.
2:26 of 1st overtime period - Off-side.
2:27 of 1st overtime period - Jesper Froden wins face-off versus Byron Froese in neutral zone.
2:32 of 1st overtime period - Snap shot by David Gust.
2:32 of 1st overtime period - Deflect By Mason Morelli.
2:32 of 1st overtime period - Shot Misses the Net.
2:32 of 1st overtime period - Puck is out of play.
2:33 of 1st overtime period - Byron Froese wins face-off versus Jesper Froden in Henderson Silver Knights zone.
2:38 of 1st overtime period - Snap shot by Mason Morelli.
2:38 of 1st overtime period - Shot Misses the Net.
2:40 of 1st overtime period - Slapshot by Daniil Chayka.
2:40 of 1st overtime period - Stopped by Jaxson Stauber with a rebound.
2:44 of 1st overtime period - Snap shot by Mason Morelli.
2:44 of 1st overtime period - Shot Misses the Net.
2:58 of 1st overtime period - Snap shot by Mason Morelli.
2:58 of 1st overtime period - Shot Misses the Net.
3:00 of 1st overtime period - Wrist shot by Byron Froese.
3:00 of 1st overtime period - Stopped by Jaxson Stauber without a rebound.
3:01 of 1st overtime period - Reese Johnson wins face-off versus Byron Froese in Rockford IceHogs zone.
3:08 of 1st overtime period - Snap shot by Cole Guttman.
3:08 of 1st overtime period - Goal by Cole Guttman - Rockford IceHogs : 2 - Henderson Silver Knights : 1.
Goals for this period are 1 for Rockford IceHogs vs 0 for Henderson Silver Knights.
Shots for this period are 1 for Rockford IceHogs vs 6 for Henderson Silver Knights.